 Dungeon Crawl Stone Soup version 0.17.1-1-g73c8601 (webtiles) character file.

1416 DeXoteric the Martial Artist (level 8, -3/49 HPs)
             Began as a Tengu Monk on Dec 11, 2015.
             Slain by an orc warrior
             ... wielding a +0 hand axe
              (14 damage)
             ... on level 5 of the Dungeon.
             The game lasted 00:14:27 (7241 turns).

DeXoteric the Martial Artist (Tengu Monk)           Turns: 7241, Time: 00:14:27

Health: -3/49      AC:  5    Str: 14    XL:     8   Next: 71%
Magic:  9/9        EV: 13    Int: 11    God:
Gold:   300        SH:  5    Dex: 16    Spells: 0 memorised, 7 levels left

rFire  . . .     SeeInvis .       - Unarmed
rCold  . . .     Clarity  .     c - +0 leather armour
rNeg   . . .     SustAt   .     p - +0 buckler
rPois  .         Gourm    +     (helmet restricted)
rElec  .         Spirit   .     h - +0 cloak
rCorr  .         Warding  .     n - +0 pair of gloves
rMut   .         Stasis   .     (boots unavailable)
MR     .....                    o - amulet of the gourmand
Stlth  ++........               (no ring)
                                (no ring)

@: not resistant to hostile enchantments, unstealthy
A: beak, talons 3, able to fly 1
a: Fly


You were on level 5 of the Dungeon.
You were very full.

You visited 1 branch of the dungeon, and saw 6 of its levels.

You collected 300 gold pieces.

Inventory:

Armour
 a - a +0 robe
 c - a +0 leather armour (worn)
 h - a +0 cloak (worn)
 n - a +0 pair of gloves (worn)
 p - a +0 buckler (worn)
Jewellery
 o - an amulet of the gourmand (around neck)
Scrolls
 e - 2 scrolls of amnesia {unknown}
 g - 4 scrolls of enchant armour {unknown}
 i - 7 scrolls of identify {unknown}
 l - 2 scrolls of enchant weapon {unknown}
 q - a scroll of blinking {unknown}
 s - 2 scrolls of remove curse {unknown}
 t - 2 scrolls of recharging {unknown}
 u - a scroll of teleportation {unknown}
 w - 2 scrolls of immolation {unknown}
Potions
 d - a potion of curing {unknown}
 j - 2 potions of heal wounds {unknown}
 k - a potion of might {unknown}
 m - a potion of cancellation {unknown}
 r - a potion of haste {unknown}
 v - 2 potions of ambrosia {unknown}
Comestibles
 b - 2 bread rations
 f - 4 meat rations
 x - 4 chunks of flesh


   Skills:
 + Level 5.0 Fighting
 - Level 3.2 Dodging
 - Level 2.0 Stealth
 + Level 4.2 Shields
 * Level 10.2 Unarmed Combat


You had 7 spell levels left.
You didn't know any spells.

Dungeon Overview and Level Annotations

Branches:
Dungeon (6/15)
 Temple: D:4-7

Altars:
Dithmenos
Nemelex Xobeh
Okawaru
Qazlal
Ru
The Shining One

Annotations:
D:4 Sigmund


Innate Abilities, Weirdness & Mutations

You have a beak for a mouth.
You have claws for feet.
You can fly.


Message History

You hit the orc warrior but do no damage.
You claw the orc warrior, but do no damage.
You hit the orc warrior but do no damage.
You claw the orc warrior.
You peck the orc warrior, but do no damage.
The orc warrior hits you but does no damage.
You hit the orc warrior. Your kick misses the orc warrior.
Your peck misses the orc warrior. The orc warrior misses you.
You hit the orc warrior but do no damage.
You claw the orc warrior. You peck the orc warrior.
You barely miss the orc warrior.
You peck the orc warrior, but do no damage.
The orc warrior hits you with a hand axe!
* * * LOW HITPOINT WARNING * * *
You are too injured to fight recklessly!
You see here a fruit.
A scorpion comes into view.
You hit the scorpion but do no damage. Your kick misses the scorpion.
The orc warrior hits you with a hand axe!
You die...

### #.#######
#.......#
#.#####.# #.#
#.# #.# #.#
##### ###.#
#o# ....#
#.#.# #Q#
###(####.#.##
#s#
#.....##....#
#.#
..#.#.##.#..#
#.#
......>%.#..#
#.#
###.#....#..#
#.# #
#.#.####..#
#.#
###.#.......#
#.#
........###.#
#.####


You could see an orc warrior and a scorpion.

Vanquished Creatures
  The ghost of niltaff the Sneak, an amateur KoEn (D:3)
  Purgy (D:4)
  A sky beast (D:5)
  An ogre (D:5)
  A centaur (D:5)
  A giant frog zombie (D:5)
  9 orc priests
  2 crimson imps
  2 centaur zombies (D:5)
  6 orc wizards
  2 hounds (D:4)
  4 worker ants
  Natasha (twice) (D:3)
  A hound skeleton (D:4)
  5 adders
  5 oozes
  A worm (D:2)
  5 giant geckos
  18 orcs
  A giant cockroach (D:1)
  10 goblins
  4 hobgoblins
  7 jackals
  5 kobolds
  A quokka (D:3)
  A ball python (D:1)
  A ball python skeleton (D:3)
  4 bats
  6 giant newts
  A jackal zombie (D:4)
  4 rats
113 creatures vanquished.

Notes
Turn   | Place    | Note
--------------------------------------------------------------
     0 | D:1      | DeXoteric the Tengu Monk began the quest for the Orb.
     0 | D:1      | Reached XP level 1. HP: 14/14 MP: 2/2
   154 | D:1      | Reached XP level 2. HP: 19/19 MP: 3/3
   302 | D:1      | Reached skill level 5 in Unarmed Combat
  1048 | D:2      | Reached XP level 3. HP: 23/23 MP: 4/4
  1052 | D:2      | Found a glowing golden altar of the Shining One.
  1249 | D:2      | Found a sparkling altar of Nemelex Xobeh.
  1352 | D:2      | Reached skill level 6 in Unarmed Combat
  1352 | D:2      | Reached XP level 4. HP: 28/28 MP: 5/5
  1514 | D:2      | Found a shadowy altar of Dithmenos.
  1627 | D:2      | Found an iron altar of Okawaru.
  1628 | D:2      | Found a sacrificial altar of Ru.
  1983 | D:3      | Noticed Natasha
  1985 | D:3      | Killed Natasha
  2155 | D:3      | Noticed niltaff's ghost (amateur KoEn)
  2294 | D:3      | Gained mutation: You can fly. [Tengu growth]
  2294 | D:3      | Reached XP level 5. HP: 24/32 MP: 6/6
  2542 | D:3      | Killed niltaff's ghost
  2542 | D:3      | Reached skill level 7 in Unarmed Combat
  2721 | D:3      | Reached XP level 6. HP: 35/37 MP: 7/7
  2762 | D:3      | Noticed Natasha
  2772 | D:3      | Killed Natasha
  2891 | D:3      | Reached skill level 1 in Shields
  2891 | D:3      | Reached skill level 8 in Unarmed Combat
  3705 | D:4      | Reached XP level 7. HP: 41/41 MP: 8/8
  3717 | D:4      | Found a glowing golden altar of the Shining One.
  3721 | D:4      | Noticed Sigmund
  4430 | D:4      | Noticed Purgy
  4432 | D:4      | Found a stormy altar of Qazlal.
  4442 | D:4      | Killed Purgy
  4442 | D:4      | Reached skill level 9 in Unarmed Combat
  4752 | D:4      | Noticed a fire elemental
  4752 | D:4      | Noticed an air elemental
  4752 | D:4      | Noticed a water elemental
  5056 | D:5      | Entered Level 5 of the Dungeon
  5377 | D:5      | Reached XP level 8. HP: 24/48 MP: 9/9
  6734 | D:5      | Reached skill level 10 in Unarmed Combat
  7004 | D:5      | Reached skill level 5 in Fighting
  7241 | D:5      | Slain by an orc warrior

Action                   |  1- 3 |  4- 6 |  7- 9 || total
-------------------------+-------+-------+-------++-------
Melee: Unarmed           |    77 |   155 |   199 ||   431
 Stab: Sleeping          |     4 |     6 |     2 ||    12
       Distracted        |       |       |     1 ||     1
  Eat: Chunk             |     1 |    21 |    12 ||    34
